 Dungeon Crawl Stone Soup version 0.17-a0-1485-g22cb0ee (webtiles) character file.

151 Kisielow the Slasher (level 5, -2/46 HPs)
             Began as a Minotaur Fighter on July 5, 2015.
             Was an Initiate of Okawaru.
             Slain by an orc warrior
             ... wielding a +0 dire flail
              (21 damage)
             ... on level 3 of the Dungeon.
             The game lasted 00:05:40 (2249 turns).

Kisielow the Slasher (Minotaur Fighter)             Turns: 2249, Time: 00:05:40

Health: -2/46      AC:  6    Str: 30    XL:     5   Next: 10%
Magic:  4/4        EV:  6    Int:  7    God:    Okawaru [......]
Gold:   129        SH: 10    Dex:  9    Spells: 0 memorised, 4 levels left

rFire  . . .     SeeInvis .     a - +0 long sword
rCold  + . .     Clarity  .     f - +0 chain mail
rNeg   . . .     SustAt   .     c - +0 shield
rPois  .         Gourm    .     (helmet restricted)
rElec  .         Spirit   .     (no cloak)
rCorr  .         Warding  .     n - +0 pair of gloves
rMut   .         Stasis   .     (no boots)
MR     .....                    (no amulet)
Stlth  ..........               t - +3 ring of strength
                                s - ring of protection from cold (curse)

@: mighty, not resistant to hostile enchantments, extremely unstealthy
A: retaliatory headbutt, horns 2, clever 1, deformed body, screaming 1
a: Renounce Religion


You were on level 3 of the Dungeon.
You worshipped Okawaru.
Okawaru was noncommittal.
You were hungry.

You visited 1 branch of the dungeon, and saw 3 of its levels.

You collected 129 gold pieces.

Inventory:

Hand weapons
 a - a +0 long sword (weapon)
Armour
 c - a +0 shield (worn)
 f - a +0 chain mail (worn)
 n - a +0 pair of gloves (worn)
Jewellery
 s - a cursed ring of protection from cold (left hand)
 t - a +3 ring of strength (right hand)
Scrolls
 b - 2 scrolls of remove curse
 j - a scroll of magic mapping
Potions
 d - 2 potions of might
 g - a potion of heal wounds
 h - a potion of brilliance
 i - a potion of haste
 l - a potion of invisibility {unknown}
 p - 2 potions of agility
 q - a potion of flight
 r - a potion of cancellation {unknown}
 u - a potion of magic {unknown}
Comestibles
 e - 4 bread rations
 k - 5 fruits
 m - a meat ration


   Skills:
 + Level 3.7 Fighting
 + Level 6.4 Long Blades
 + Level 3.7 Armour
 + Level 3.6 Shields


You had 4 spell levels left.
You didn't know any spells.

Dungeon Overview and Level Annotations

Branches:
Dungeon (3/15)

Altars:
Fedhas
Nemelex Xobeh
Okawaru
Qazlal
Sif Muna


Innate Abilities, Weirdness & Mutations

You reflexively headbutt those who attack you in melee.
You have a pair of horns on your head.
Your mind is acute. (Int +2)
Armour fits poorly on your strangely shaped body.
You occasionally shout uncontrollably at your foes.


Message History

You are too injured to fight recklessly!
You are too injured to fight recklessly!
You are too injured to fight recklessly!
You are too injured to fight recklessly!
You are too injured to fight recklessly!
You are too injured to fight recklessly!
You are too injured to fight recklessly!
You are too injured to fight recklessly!
You are too injured to fight recklessly!
Drink which item? (? for menu, Esc to quit)
You feel much better. The orc warrior closely misses you.
You furiously retaliate!
You headbutt the orc warrior. You block the orc's attack.
Drink which item? (? for menu, Esc to quit)
You feel very mighty all of a sudden. You block the orc warrior's attack.
The orc barely misses you.
You completely miss the orc warrior. You headbutt the orc warrior!
The orc warrior is severely wounded.
The orc warrior hits you with a dire flail!!
You die...

#.# #.# #.#
#.# #.#
###########.#
#...........#
#.###########
#.#oo@#
#.#o#o#
#.#.#.#
#.#o#.#
#.#.#)#####
#.#.#.#...#
#.#.#.#.#.#
#.#<#.#.#.#
#.#,#...#.#


You could see an orc warrior and 3 orcs.

Vanquished Creatures
  A vampire bat (D:3)
  4 adders
  2 worms (D:3)
  2 orcs (D:3)
  A ball python (D:1)
  4 giant cockroaches
  8 goblins
  7 hobgoblins
  6 kobolds
  15 bats
  3 giant geckos
  5 giant newts
  3 jackals (D:2)
  4 rats
65 creatures vanquished.

Notes
Turn   | Place    | Note
--------------------------------------------------------------
     0 | D:1      | Kisielow the Minotaur Fighter began the quest for the Orb.
     0 | D:1      | Reached XP level 1. HP: 19/19 MP: 0/0
   200 | D:1      | Reached XP level 2. HP: 26/26 MP: 1/1
   799 | D:1      | Reached skill level 4 in Long Blades
   838 | D:2      | Reached XP level 3. HP: 28/31 MP: 2/2
   855 | D:2      | Found a sparkling altar of Nemelex Xobeh.
  1146 | D:2      | Found an iron altar of Okawaru.
  1147 | D:2      | Found a blossoming altar of Fedhas.
  1152 | D:2      | Became a worshipper of Warmaster Okawaru
  1323 | D:2      | Reached skill level 5 in Long Blades
  1546 | D:2      | Found a deep blue altar of Sif Muna.
  1580 | D:3      | Reached XP level 4. HP: 28/39 MP: 3/3
  1663 | D:3      | Gained mutation: You occasionally shout uncontrollably at your foes. [potion of mutation]
  1663 | D:3      | Gained mutation: Your mind is acute. (Int +2) [potion of mutation]
  1663 | D:3      | Gained mutation: Armour fits poorly on your strangely shaped body. [potion of mutation]
  1804 | D:3      | Reached skill level 6 in Long Blades
  2000 | D:3      | Reached XP level 5. HP: 46/46 MP: 4/4
  2094 | D:3      | Found a stormy altar of Qazlal.
  2230 | D:3      | Noticed an orc warrior
  2249 | D:3      | Slain by an orc warrior

Vault maps used:
D:1:      matt_arrival_grand_opening, minmay_misc_feat_roman
D:2:      gammafunk_temple_overflow_statue, lemuel_coloured_pillars_altar,
          nemelex_xobeh_ov_fountains_minmay
D:3:      old_standard_altar, first_bread, roderic_batcave,
          okawaru_altar_gauntlet_db

Action                   |  1- 3 |  4- 6 || total
-------------------------+-------+-------++-------
Melee: Long sword        |   114 |    70 ||   184
  Use: Scroll            |     7 |     2 ||     9
       Potion            |       |     4 ||     4
  Eat: Chunk             |     2 |     2 ||     4
